 Dungeon Crawl Stone Soup version 0.22.1-6-g1668fe2 (webtiles) character file.

91 brainwave the Slasher (level 4, 0/31 HPs)
             Began as a Halfling Berserker on Jan 29, 2019.
             Was a Believer of Trog.
             Shot with an arrow by a centaur (7 damage)
             ... on level 3 of the Dungeon.
             The game lasted 00:10:27 (2909 turns).

brainwave the Slasher (Halfling Berserker)          Turns: 2909, Time: 00:10:27

Health: 0/31       AC:  5    Str: 19    XL:     4   Next: 88%
Magic:  4/4        EV: 14    Int:  5    God:    Trog [**....]
Gold:   77         SH:  0    Dex: 13    Spells: 3/3 levels left

rFire    . . .     SeeInvis .   a - +0 falchion
rCold    . . .     Gourm    .   (shield restricted)
rNeg     . . .     Faith    .   e - +0 ring mail
rPois    .         Spirit   .   (no helmet)
rElec    .         Reflect  .   (no cloak)
rCorr    .         Harm     .   (no gloves)
MR       .....                  (no boots)
Stlth    +.........             (no amulet)
HPRegen  0.10/turn              (no ring)
MPRegen  0.09/turn              (no ring)

@: no status effects
A: small, mutation resistance 1
a: Berserk, Trog's Hand, Renounce Religion


You were on level 3 of the Dungeon.
You worshipped Trog.
Trog was pleased with you.
You were not hungry.

You visited 1 branch of the dungeon, and saw 3 of its levels.

You collected 77 gold pieces.

Inventory:

Hand Weapons
 a - a +0 falchion (weapon)
 d - a +0 dagger
 k - a cursed -1 club
 o - a +0 short sword
 p - a +0 dagger
 q - a +0 mace
 r - a +0 hunting sling
Armour
 b - a +0 animal skin
 e - a +0 ring mail (worn)
 g - a +0 chain mail
 j - a +0 robe
 v - a +0 large shield
Scrolls
 i - 2 scrolls of remove curse {unknown}
 l - a scroll of amnesia {unknown}
 m - 2 scrolls of teleportation {unknown}
 n - a scroll of random uselessness {unknown}
 t - a scroll of identify {unknown}
 u - a scroll of enchant weapon {unknown}
Potions
 f - a potion of lignification {unknown}
 h - a potion of flight {unknown}
 s - 2 potions of cancellation {unknown}
Comestibles
 c - 4 rations


   Skills:
 + Level 3.2 Fighting
 + Level 4.1 Long Blades
 + Level 3.0 Armour
 + Level 2.7 Dodging


You had 3 spell levels left.
You didn't know any spells.
Your spell library was empty.

Dungeon Overview and Level Annotations

Branches:
Dungeon (3/15)

Altars:


Innate Abilities, Weirdness & Mutations

You are small and have problems with some larger weapons.
You are somewhat resistant to further mutation.


Message History

The centaur is moderately wounded.
The centaur barely misses you.
You riposte.
You hit the centaur.
The centaur is heavily wounded.
The centaur misses you.
The kobold throws a stone.
The stone hits you but does no damage.
You barely miss the centaur.
The centaur is heavily wounded.
The centaur closely misses you.
You riposte.
You slash the centaur!
The centaur is severely wounded.
The kobold throws a stone.
The stone completely misses you.
You hit the centaur.
The centaur is almost dead.
The centaur hits you.
* * * LOW HITPOINT WARNING * * *
The centaur hits you.
* * * LOW HITPOINT WARNING * * *
The kobold throws a stone.
The stone misses you.
The centaur wields an uncursed shortbow.
The centaur shoots an arrow.
The arrow hits you!
You die...

#.# # ## #.#.### #.#
#.#.... ##
#.##########.##### .#
#.###................
....##.#...#†...........#
...K....((...###.######.#
...###(###..# #.# #.#
#....c.@....# #.# #..
#..###.###....... ... #
#.# #.####.# ##. #.# #.#
#.# . #.# #!# #.# . ...
#.# ... #.


You could see a centaur.

Vanquished Creatures
  3 adders (D:2)
  5 worms (D:2)
  3 dart slugs
  6 bats
  2 giant cockroaches (D:2)
  3 hobgoblins
  5 kobolds
  3 quokkas (D:2)
  A ball python (D:1)
  2 frilled lizards
  3 goblins
  10 rats
46 creatures vanquished.

Notes
Turn   | Place    | Note
-------+----------+-------------------------------------------
     0 | D:1      | brainwave the Halfling Berserker began the quest for the
                  | Orb.
     0 | D:1      | Reached XP level 1. HP: 15/15 MP: 1/1
   341 | D:1      | Reached XP level 2. HP: 20/20 MP: 2/2
   688 | D:2      | Reached XP level 3. HP: 25/26 MP: 3/3
  1054 | D:2      | Reached ** piety under Trog
  1380 | D:2      | Reached XP level 4. HP: 17/31 MP: 4/4
  1671 | D:2      | Reached skill level 4 in Long Blades
  2903 | D:3      | Noticed a centaur
  2909 | D:3      | Shot with an arrow by a centaur

Skill      XL: |  1  2  3  4 |
---------------+-------------+-----
Fighting       | 3 |  3.2
Long Blades    | 4 |  4.1
Armour         | 3 |  3.0
Dodging        | |  2.7

Action                   |  1- 3 |  4- 6 || total
-------------------------+-------+-------++-------
Melee: Falchion          |   118 |    74 ||   192
  Eat: Chunk             |       |     3 ||     3
       Ration            |       |     1 ||     1
Armor: Ring mail         |    37 |    11 ||    48
Dodge: Dodged            |    99 |    48 ||   147
       Rpst.: Falchion   |    33 |    20 ||    53
